Map: 카이로스 정션 - 래더

Players

liquidthermy (uThermal) - Winner!

  • Race: Terran Terran
  • Spawn Location: 5:00

DnS

  • Race: Protoss Protoss
  • Spawn Location: 11:00

Event: HomeStory Cup XIX

VOD

Have the link to the VOD?

Description

Time

  • Played on: June 27, 2019, 4:26 p.m.
  • Length: 11:56

All games in this series

Show
View Real Time Build Order
Export as new Build Order

liquidthermy Terran - Winner!

Build Orders: Gas First Reaper Expand, Banshee Rush 

Get SALT Encoding   

  12  0:01  SCV  
  13  0:13  SCV  
  14  0:17  Supply Depot  
  14  0:25  SCV  
  14  0:27  Refinery  
  15  0:38  SCV  
  16  0:44  Barracks  
  16  0:50  SCV  
  17  1:03  SCV  
  18  1:15  SCV  
  19  1:30  Orbital Command, Reaper  
  20  1:42  Command Center  
  20  1:53  Factory  
  20  1:57  SCV  
  21  2:05  Barracks Reactor  
  21  2:09  SCV  
  21  2:13  Supply Depot  
  22  2:21  SCV  
  23  2:23  Refinery  
  23  2:35  SCV  
  24  2:42  Starport  
  26  2:44  Hellion x2  
  28  2:52  SCV, Supply Depot  
  28  2:53  Barracks Tech Lab  
  30  3:06  SCV, Hellion  
  30  3:12  Hellion  
  33  3:14  Orbital Command  
  33  3:19  SCV  
  34  3:25  Cloaking Field  
  34  3:31  SCV  
  35  3:39  Banshee  
  35  3:40  SCV  
  39  3:43  Marine, SCV  
  39  3:45  Marine  
  42  3:50  Factory Tech Lab  
  42  3:53  SCV  
  42  3:55  SCV  
  44  3:59  Supply Depot  
  44  4:05  Marine, SCV  
  44  4:06  Marine  
  44  4:07  SCV  
  43  4:12  Siege Tank  
  45  4:17  Bunker, SCV  
  45  4:19  SCV  
  45  4:23  Marine  
  45  4:24  Banshee  
  45  4:27  Marine  
  45  4:29  SCV  
  50  4:31  SCV  
  51  4:41  Marine, SCV  
  51  4:44  SCV  
  51  4:45  Barracks, Marine  
  54  4:47  Barracks  
  54  4:50  Siege Tank  
  57  4:53  SCV  
  57  4:57  SCV  
  57  4:58  Marine  
  55  5:03  Marine  
  55  5:05  SCV  
  55  5:09  SCV  
  56  5:16  Marine  
  56  5:17  SCV  
  56  5:20  Marine  
  56  5:21  Starport Reactor, SCV  
  56  5:23  Engineering Bay  
  56  5:24  Refinery  
  57  5:29  SCV  
  57  5:32  Supply Depot  
  57  5:33  Factory Reactor, SCV  
  57  5:34  Marine  
  61  5:41  SCV  
  61  5:42  Marine  
  62  5:43  Stimpack  
  62  5:47  Supply Depot  
  62  5:50  Terran Infantry Weapons Level 1  
  62  5:51  Combat Shield  
  62  5:53  Marine x2, SCV x2  
  66  5:58  Marine  
  66  5:59  Starport Reactor, Supply Depot  
  66  6:04  Marine  
  66  6:05  SCV  
  66  6:06  SCV  
  69  6:11  Supply Depot  
  69  6:15  Refinery, Widow Mine x2  
  69  6:18  SCV x2  
  75  6:20  Marauder, Marine, Missile Turret  
  75  6:24  Missile Turret  
  78  6:26  Supply Depot  
  78  6:27  Marine  
  78  6:28  Marauder  
  81  6:34  Supply Depot  
  81  6:35  Medivac x2  
  81  6:38  Marine  
  86  6:41  Widow Mine x2  
  90  6:48  Marauder, Marine  
  90  6:51  Marine  
  94  6:56  Marine  
  92  7:02  Widow Mine x2  
  92  7:06  Marine, Medivac  
  99  7:09  Marauder  
  99  7:10  Marauder  
  99  7:14  Marine  
  103  7:18  Liberator  
  101  7:23  Marine  
  101  7:24  Supply Depot  
  100  7:30  Marine, Marauder, Command Center  
  100  7:31  Marine  
  100  7:35  Barracks  
  100  7:36  Barracks  
  107  7:40  SCV  
  107  7:41  Marine  
  107  7:43  Concussive Shells  
  109  7:45  Widow Mine  
  109  7:46  SCV  
  109  7:49  Marauder  
  111  7:52  SCV  
  111  7:57  Marine  
  111  7:58  Marauder, SCV  
  113  8:01  Widow Mine  
  113  8:02  Liberator x2  
  113  8:04  SCV  
  112  8:11  Widow Mine  
  100  8:15  SCV  
  100  8:18  Marauder, Marine, SCV  
  110  8:22  Widow Mine  
  110  8:24  Terran Infantry Armor Level 1  
  110  8:26  Barracks Tech Lab  
  112  8:28  SCV  
  112  8:29  Barracks Tech Lab  
  112  8:31  Marauder, Marine, SCV  
  117  8:36  Marine  
  117  8:39  Supply Depot  
  118  8:41  Marine  
  118  8:42  Widow Mine  
  120  8:48  Orbital Command, Marine  
  120  8:49  Marine, SCV  
  120  8:50  Marine, Liberator  
  120  8:55  SCV, Supply Depot  
  125  8:56  Marine  
  125  9:00  Widow Mine  
  128  9:03  Widow Mine  
  133  9:10  Marine x2  
  133  9:11  Marine  
  133  9:12  Marine  
  133  9:14  Supply Depot  
  133  9:16  Liberator  
  137  9:20  Marine, Supply Depot  
  137  9:21  Marauder  
  139  9:28  Marine  
  139  9:31  Marine, Widow Mine  
  138  9:32  Marauder  
  138  9:34  Marine  
  139  9:38  Marine  
  139  9:39  Liberator  
  139  9:40  Widow Mine  
  139  9:42  Marauder  
  143  9:46  Marine  
  143  9:50  Marauder  
  143  9:52  Marine, Widow Mine  
  147  9:53  Marauder  
  147  9:56  Marine  
  147  9:59  Liberator  
  151  10:01  Widow Mine  
  151  10:03  Marine  
  151  10:04  Marine  
  155  10:10  Marauder  
  155  10:14  Widow Mine  
  141  10:20  Marauder, Marine x2  
  133  10:21  Marauder  
  133  10:22  Liberator  
  118  10:33  Marauder, Marine  
  118  10:34  Widow Mine  
  115  10:37  Marine  
  115  10:39  Marauder  
  115  10:41  Marauder, Widow Mine  
  115  10:42  Marine  
  126  10:47  Refinery, SCV  
  126  10:48  Barracks  
  127  10:50  Barracks  
  127  10:51  Marine  
  127  10:55  Marine, Marauder  
  127  10:56  Widow Mine  
  131  11:00  Marauder, Marine  
  131  11:02  Marine, Widow Mine  
  137  11:08  Marine  
  127  11:14  Medivac  
  127  11:16  Marine, Marauder  
  126  11:18  Marauder  
  126  11:20  Marine  
  126  11:21  Marauder  
  126  11:23  Widow Mine  
  130  11:26  Marine  
  117  11:34  Marine  
Show
View Real Time Build Order
Export as new Build Order

DnS Protoss 

Build Orders: 1 Gate Expand, Blink Stalkers 

Get SALT Encoding   

  12  0:00  Probe  
  13  0:12  Probe  
  14  0:17  Pylon  
  14  0:24  Probe  
  15  0:32  Probe  
  15  0:38  Gateway  
  15  0:40  Probe  
  16  0:47  Assimilator  
  17  0:51  Probe  
  18  1:03  Probe  
  19  1:15  Probe  
  20  1:24  Cybernetics Core  
  20  1:32  Nexus  
  20  1:35  Probe  
  21  1:42  Pylon  
  21  1:47  Probe  
  21  1:51  Assimilator, Adept  
  24  2:01  Warp Gate  
  24  2:03  Probe  
  25  2:11  Adept  
  25  2:15  Probe  
  28  2:24  Twilight Council  
  28  2:28  Probe  
  29  2:40  Probe x2  
  29  2:42  Blink  
  29  2:44  Adept  
  32  2:51  Probe  
  33  2:52  Probe  
  35  3:02  Probe  
  35  3:04  Probe  
  35  3:14  Probe  
  35  3:16  Probe  
  35  3:17  Stalker  
  37  3:20  Gateway  
  37  3:24  Gateway  
  37  3:27  Probe  
  38  3:32  Robotics Facility  
  38  3:35  Probe  
  38  3:39  Probe  
  40  3:46  Pylon  
  40  3:47  Probe  
  41  3:51  Probe  
  41  3:52  Assimilator  
  41  3:53  Shield Battery  
  42  3:57  Stalker  
  40  4:05  Probe x2  
  38  4:15  Stalker  
  40  4:17  Probe  
  40  4:20  Observer  
  40  4:21  Stalker  
  40  4:22  Probe  
  43  4:25  Stalker  
  43  4:31  Shield Battery  
  46  4:33  Probe  
  46  4:34  Probe  
  48  4:38  Observer  
  48  4:40  Shield Battery  
  48  4:45  Probe  
  50  4:48  Probe  
  51  4:57  Probe  
  52  5:02  Probe  
  52  5:06  Stalker x2  
  53  5:09  Probe  
  54  5:14  Observer  
  54  5:19  Pylon  
  54  5:24  Observer  
  54  5:29  Pylon  
  54  5:37  Observer, Probe  
  54  5:38  Nexus  
  54  5:40  Stalker x2, Probe  
  61  5:43  Observer  
  61  5:49  Probe  
  62  5:51  Pylon  
  62  5:52  Probe  
  62  5:55  Forge  
  62  5:56  Forge  
  63  6:04  Probe  
  63  6:05  Probe  
  63  6:07  Stalker x2  
  69  6:13  Charge, Protoss Ground Armor Level 1, Protoss Ground Weapons Level 1  
  69  6:17  Probe x2  
  71  6:29  Probe x2, Gateway x2  
  73  6:35  Gateway  
  73  6:41  Sentry, Gateway  
  73  6:45  Gateway  
  74  6:51  Probe x2  
  74  6:59  Probe  
  74  7:00  Sentry, Zealot  
  79  7:03  Probe x2  
  79  7:04  Observer, Pylon  
  81  7:12  Immortal  
  81  7:15  Zealot  
  87  7:27  Zealot x4  
  87  7:28  Probe x3  
  97  7:36  Zealot x2  
  101  7:38  Pylon  
  101  7:39  Pylon  
  101  7:49  Protoss Ground Armor Level 2  
  101  7:56  Protoss Ground Weapons Level 2  
  101  7:57  Zealot x7  
  102  8:10  Zealot  
  86  8:17  Zealot x4  
  86  8:21  Sentry, Zealot x2  
  92  8:31  Probe x2  
  92  8:34  Stalker  
  96  8:38  Zealot x4  
  104  8:52  Nexus  
  104  8:54  Pylon  
  104  9:05  Immortal  
  104  9:07  Sentry x2, Zealot x2  
  116  9:10  Pylon  
  116  9:16  Zealot x3  
  122  9:22  Zealot  
  123  9:31  Stalker  
  115  9:33  Stalker x3  
  115  9:38  Zealot x3  
  113  9:47  Immortal  
  113  9:48  Zealot  
  118  9:56  Zealot x4  
  117  10:01  Zealot x2  
  121  10:08  Zealot x2  
  107  10:18  Zealot x4  
  83  10:29  Zealot x4  
  83  10:30  Probe  
  83  10:31  Probe  
  81  10:39  Sentry, Zealot x2  
  81  10:40  Zealot  
  89  10:54  Zealot x4  
  97  11:01  Zealot x3  
  97  11:03  Zealot  
  85  11:17  Zealot x4  
  79  11:21  Stalker x3  
  79  11:23  Zealot  
  69  11:38  Zealot x3  
  70  11:41  Stalker  
  70  11:44  Stalker  
  70  11:45  Stalker  
  70  11:46  Stalker x2  
Tags
 
Add a new tag
Caveats
  • Supply blocks, unpowered buildings, or Contaminate may cause inaccurate times.
  • Supply counts are checked every 10 seconds.